 Dungeon Crawl Stone Soup version 0.29.1-12-g30fa7ad0bf (webtiles) character file.

Game seed: 7434670856168194654

949 ThatPearl the Trooper (level 7, -11/58 HPs)
             Began as a Demonspawn Berserker on Jan 10, 2023.
             Was a Priest of Trog.
             Mangled by a hornet (15 damage)
             ... while paralysed by a hornet
             ... on level 5 of the Dungeon.
             The game lasted 00:12:03 (4157 turns).

ThatPearl the Trooper (Demonspawn Berserker)        Turns: 4157, Time: 00:12:04

Health: -11/58     AC:  6    Str: 19    XL:     7   Next: 90%
Magic:  7/7        EV:  2    Int:  9    God:    Trog [***...]
Gold:   75         SH:  0    Dex: 12    Spells: 6/6 levels left

rFire   + . .      SeeInvis .   C - +0 war axe
rCold   . . .      Faith    .   (no shield)
rNeg    . . .      Spirit   .   c - +0 ring mail
rPois   .          Reflect  .   (no helmet)
rElec   .          Harm     .   (no cloak)
rCorr   .          Rampage  .   (no gloves)
Will    .....                   (no boots)
Stlth   +.........              E - amulet of regeneration
HPRegen 0.99/turn               D - ring of protection from fire
MPRegen 0.10/turn               (no ring)

@: paralysed, lethally poisoned (-11 -> -24), slowed
A: claws 1, ignite blood 1, spiny 2
a: Renounce Religion, Berserk, Trog's Hand


You were on level 5 of the Dungeon.
You worshipped Trog.
Trog was most pleased with you.
You visited 1 branch of the dungeon, and saw 5 of its levels.

You collected 261 gold pieces.
You spent 186 gold pieces at shops.

Inventory:

Hand Weapons
 a - a +0 hand axe
 k - a +0 dagger of venom
 z - a +2 vorpal flail
 C - a +0 war axe (weapon)
Missiles
 m - 6 boomerangs (quivered)
 y - 2 poisoned darts
Armour
 b - a +0 animal skin
 c - a +0 ring mail (worn)
 x - the +1 leather armour of Parlour Games {rF+}
   (You found it on level 3 of the Dungeon)

   rF:        It protects you from fire.
Jewellery
 v - an amulet of reflection
 D - a ring of protection from fire (left claw)
 E - an amulet of regeneration (around neck)
Wands
 A - a wand of quicksilver (9)
Scrolls
 e - 8 scrolls of identify {unknown}
 f - a scroll of immolation {unknown}
 g - 2 scrolls of blinking {unknown}
 j - a scroll of teleportation {unknown}
 o - a scroll of fear {unknown}
 p - 3 scrolls of enchant weapon
 s - a scroll of noise {unknown}
 t - a scroll of poison {unknown}
 u - a scroll of brand weapon
 w - a scroll of butterflies {unknown}
 B - a scroll of magic mapping {unknown}
Potions
 d - 2 potions of attraction {unknown}
 h - a potion of brilliance {unknown}
 i - a potion of might {unknown}
 l - a potion of heal wounds {unknown}
 n - 2 potions of mutation {unknown}
 q - a potion of lignification {unknown}
 r - 2 potions of curing {unknown}


   Skills:
 + Level 6.0 Fighting
 + Level 5.4 Axes
 + Level 5.0 Armour
 - Level 1.7 Dodging


You had 6 spell levels left.
You didn't know any spells.
Your spell library was empty.

Dungeon Overview and Level Annotations

Branches:
Dungeon (5/15)
 Temple: D:4-7

Altars:
Ashenzari
Cheibriados
Kikubaaqudgha
Trog
Yredelemnul
Lugonu

Shops:
D:3 ?:


Innate Abilities, Weirdness & Mutations

You have sharp fingernails.
Your demonic aura sometimes causes spilled blood to erupt in flames.
You are mostly covered in sharp spines.


Message History

You feel sick.
You feel sick.
You feel sick.
You feel sick.
You feel sick.
You feel sick.
You are no longer poisoned.
Things that are here:
a +1 dagger of venom; a +0 robe You see here a worm corpse.
Things that are here:
a +0 flail; a +0 plate armour; a gnoll skeleton
There is an open door here.
There is an open door here.
e - 8 scrolls labelled USIM VAWNEDONN (gained 1)
Found a stone staircase leading down.
You open the door.
There is an open door here.
There is an open door here.
You open the door.
A hornet comes into view.
There is an open door here.
You closely miss the hornet. The hornet stings you!
You are poisoned.
You feel yourself slow down.
The hornet stings you but does no damage.
You barely miss the hornet.
You feel very sick. The hornet is struck by your spines. The hornet stings you!
You are more poisoned.
You suddenly lose the ability to move!
The hornet stings you!
You feel as though you will be slow longer.
The hornet stings you!
* * * LOW HITPOINT WARNING * * *
You are lethally poisoned!
You feel as though you will be slow longer.
* * * LOW HITPOINT WARNING * * *
You feel extremely sick. The hornet is struck by your spines.
The hornet stings you!
You die...

...##..##.......#
[...............#.......
...##...........#.......
##+##...........#.....#
#..##.......#.....#
#####..##...#.....#
#..##..##...#.....#
##...#.......#.....#
#....#.......@y....#
#....'.......#.....+
##############.....#
######


You could see a hornet.

Vanquished Creatures
  Sigmund (D:3)
  Eustachio (D:4)
  An ogre (D:4)
  A centaur (D:5)
  A necrophage (D:4)
  2 hounds
  An orc priest (D:4)
  A jelly (D:5)
  A gnoll bouda (D:5)
  4 orc wizards
  5 gnolls (D:5)
  6 adders
  2 white imps (D:5)
  2 worms
  A dart slug (D:4)
  9 orcs
  6 endoplasms
  4 giant cockroaches
  5 goblins
  2 hobgoblins
  6 kobolds
  A quokka (D:5)
  7 ball pythons
  7 bats
  3 frilled lizards
  3 rats
83 creatures vanquished.

Vanquished Creatures (others)
  A lurking horror (D:5)
1 creature vanquished.

Grand Total: 84 creatures vanquished

Notes
Turn   | Place    | Note
-------+----------+-------------------------------------------
     0 | D:1      | ThatPearl the Demonspawn Berserker began the quest for the
                  | Orb.
     0 | D:1      | Reached XP level 1. HP: 18/18 MP: 1/1
   308 | D:1      | Gained mutation: You have sharp fingernails. [demonic
                  | ancestry]
   308 | D:1      | Reached XP level 2. HP: 24/24 MP: 2/2
   946 | D:2      | Gained mutation: Your demonic aura sometimes causes spilled
                  | blood to erupt in flames. [demonic ancestry]
   946 | D:2      | Reached XP level 3. HP: 24/29 MP: 3/3
  1102 | D:2      | Reached ** piety under Trog
  1508 | D:2      | You fall into a shaft and drop 2 floors!
  1871 | D:2      | Found a faded altar of an unknown god.
  1961 | D:3      | Identified the +1 leather armour of Parlour Games {rF+}
  1982 | D:3      | Found Desot's Magic Scroll Boutique.
  2020 | D:3      | Bought a scroll of brand weapon for 104 gold pieces
  2020 | D:3      | Bought a scroll of enchant weapon for 82 gold pieces
  2229 | D:3      | Noticed Sigmund
  2234 | D:3      | Killed Sigmund
  2235 | D:3      | Reached skill level 4 in Fighting
  2235 | D:3      | Reached XP level 4. HP: 29/38 MP: 2/4
  2235 | D:3      | Gained mutation: You are partially covered in sharp spines.
                  | [demonic ancestry]
  2235 | D:3      | Reached XP level 5. HP: 33/43 MP: 2/5
  2356 | D:3      | Found Cefuk's Book Shoppe.
  2527 | D:3      | Found an ancient bone altar of Kikubaaqudgha.
  2527 | D:3      | Found a faded altar of an unknown god.
  2535 | D:3      | Found a broken altar of Ashenzari.
  2537 | D:3      | Found a faded altar of an unknown god.
  2539 | D:3      | Found a bloodstained altar of Trog.
  2662 | D:4      | Noticed Eustachio
  2674 | D:4      | Killed Eustachio
  2675 | D:4      | Gained mutation: You are mostly covered in sharp spines.
                  | [demonic ancestry]
  2675 | D:4      | Reached XP level 6. HP: 50/50 MP: 6/6
  2773 | D:4      | Reached skill level 5 in Fighting
  2979 | D:4      | Reached XP level 7. HP: 42/56 MP: 4/7
  3261 | D:4      | Reached skill level 5 in Axes
  3354 | D:5      | Entered Level 5 of the Dungeon
  3370 | D:5      | Found a corrupted altar of Lugonu.
  3427 | D:5      | Found a snail-covered altar of Cheibriados.
  3684 | D:5      | Found a basalt altar of Yredelemnul.
  3782 | D:5      | Reached *** piety under Trog
  3863 | D:5      | Reached skill level 5 in Armour
  4011 | D:5      | Reached skill level 6 in Fighting
  4153 | D:5      | Noticed a hornet
  4156 | D:5      | Paralysed by a hornet for 3 turns
  4157 | D:5      | Mangled by a hornet

Illustrated notes

Levels and vault maps discovered:
D:1:      dpeg_arrival_windows_large_door, layout_basic,
          wander_ebering_terrifying_dragon_lair
D:2:      layout_rooms, ebering_ecumenical_altar_petrified, nicolae_titane
D:3:      layout_rooms, chequers_temple_overflow_minitemple, serial_shops,
          nicolae_shop_crystal, nicolae_shop_waterfront,
          chequers_serial_rivers_micro_b, uniq_sigmund
D:4:      layout_rooms, nicolae_underground_beach, uniq_eustachio
D:5:      minmay_diamond_boxcup, layout_gridville, lemuel_round_altar,
          mainiacjoe_overflow_boulevard, temple_doors_e,
          amcnicky_altar_lugonu_corruption

Skill      XL: |  1  2  3  4  5  6  7 |
---------------+----------------------+-----
Armour         | 2 3 4 5 |  5.0
Axes           | 3 4 5 |  5.4
Fighting       | 4 5 6 |  6.0
Dodging        | |  1.7

Action                   |  1- 3 |  4- 6 |  7- 9 || total
-------------------------+-------+-------+-------++-------
Melee: Hand axe          |   123 |    52 |     7 ||   182
       Punch             |       |     1 |       ||     1
       War axe           |       |       |    28 ||    28
       Flail             |       |       |    12 ||    12
Invok: Berserk           |       |     2 |       ||     2
Armor: Ring mail         |    57 |    23 |    14 ||    94
Dodge: Dodged            |    65 |    15 |    34 ||   114
